 Dungeon Crawl Stone Soup version 0.23-a0-108-gf7ee2ed (webtiles) character file.

5223 GrunderHorse the Nimble (level 10, -1/49 HPs)
             Began as a Felid Fighter on Aug 21, 2018.
             Was a Priest of Makhleb.
             Killed from afar by an orc wizard (6 damage)
             ... with a magic dart
             ... on level 1 of the Orcish Mines.
             The game lasted 00:28:01 (15798 turns).

GrunderHorse the Nimble (Felid Fighter)            Turns: 15798, Time: 00:28:02

Health: -1/49      AC:  2    Str: 13    XL:     10   Next: 35%
Magic:  13/13      EV: 31    Int: 10    God:    Makhleb [***...]
Gold:   763        SH:  0    Dex: 20    Spells: 9/9 levels left
                                        Lives:  0   Deaths: 3

rFire    . . .     SeeInvis +     - Unarmed
rCold    . . .     Gourm    .   (shield unavailable)
rNeg     . . .     Faith    .   (armour unavailable)
rPois    .         Spirit   .   (helmet unavailable)
rElec    .         Reflect  .   (cloak unavailable)
rCorr    .         Harm     .   (gloves unavailable)
MR       ++...                  (boots unavailable)
Stlth    ++++......             (no amulet)
HPRegen  0.16/turn              a - +2 ring of dexterity
MPRegen  0.13/turn              i - ring of protection from magic

@: very slightly contaminated, invisible, quick
A: very small, no armour, no weapons or thrown items, stealth, claws 1, fangs 3,
see invisible, carnivore, speed 1, shaggy fur 2, slow metabolism 1, sharp paws
a: Minor Destruction, Lesser Servant of Makhleb, Renounce Religion


You were on level 1 of the Orcish Mines.
You worshipped Makhleb.
Makhleb was most pleased with you.
You were completely stuffed.

You visited 3 branches of the dungeon, and saw 15 of its levels.
You also visited: Sewer.

You collected 763 gold pieces.

Inventory:

Jewellery
 a - a +2 ring of dexterity (left paw)
 i - a ring of protection from magic (right paw)
 A - an uncursed ring of poison resistance {unknown}
Wands
 m - a wand of random effects (33)
 y - a wand of flame (4)
Scrolls
 c - 3 scrolls of blinking
 d - a scroll of amnesia
 f - 4 scrolls of remove curse
 n - 3 scrolls of enchant weapon
 p - 5 scrolls of identify
 q - a scroll of magic mapping
 r - a scroll of torment
 u - a scroll of fog
 v - a scroll of vulnerability {unknown}
 w - a scroll of summoning {unknown}
 x - a scroll of fear
Potions
 e - 3 potions of lignification
 g - 3 potions of flight
 h - 2 potions of mutation
 j - a potion of curing
 s - a potion of ambrosia
 t - a potion of brilliance
 z - a potion of agility
Miscellaneous
 k - a crystal ball of energy
 l - a fan of gales
 o - a fan of gales
Comestibles
 b - 21 rations
 C - 3 chunks of flesh


   Skills:
 - Level 9.0 Fighting
 + Level 13.2 Dodging
 + Level 6.2 Stealth
 + Level 10.7 Unarmed Combat
 + Level 3.8 Evocations


You had 9 spell levels left.
You didn't know any spells.
Your spell library was empty.

Dungeon Overview and Level Annotations

Branches:
Dungeon (13/15)            Temple (1/1) D:7            Lair (0/6) D:11
    Orc (1/2) D:9          Vaults (0/5) D:13

Altars:
Ashenzari
Cheibriados
Dithmenos
Elyvilon
Fedhas
Gozag
Hepliaklqana
Kikubaaqudgha
Makhleb
Nemelex Xobeh
Okawaru
Qazlal
Ru
Sif Muna
Trog
Uskayaw
Vehumet
Wu Jian
Xom
Yredelemnul
Zin
The Shining One
Beogh

Shops:
D:2 *   D:7 **

Annotations:
D:7 zxkuqyb's ghost, novice DEFE
D:8 exclusion: 2 oklob plants
D:10 3 runed doors, zeram's ghost, journeyman HOFi
D:11 exclusion: oklob plant
D:13 Nessos; Rupert; Urug


Innate Abilities, Weirdness & Mutations

You cannot wear armour.
You are incapable of wielding weapons or throwing items.
Your paws allow you to move quietly. (Stealth)
You have sharp claws.
You have razor-sharp teeth.
You have supernaturally acute eyesight. (SInv)
You are carnivorous and can eat meat at any time.
You cover ground quickly.
You are covered in thick fur. (AC +2)
You have a slow metabolism.
Your sharp claws are effective at attacking unaware monsters.


Message History

The orc wizard completely misses you. The orc warrior hits you with a flail!
* * * LOW HITPOINT WARNING * * *
The orc wizard closely misses you.
You scratch the orc warrior.
The orc priest shouts!
Your bite misses the orc warrior.
The orc warrior is lightly wounded.
You hear a shout!
The orc completely misses you. The orc warrior closely misses you.
The orc wizard misses you.
A demon appears!
It doesn't seem very happy.
An orc wizard comes into view. It is wielding a dagger.
The orc completely misses you. The orc wizard misses you.
An orc wizard comes into view. It is wielding a dagger.
The orc completely misses you. The orc warrior completely misses you.
The orange demon screeches!
The orc wizard casts a spell at you. The magic dart hits you!
You die...

...#....o........#
#......o..........#
##.................#
...................#
.o...>ooo.$.......#
..#..............#
.#...o.oo..$>....##
..o..o)oo......$..##
....o..o@..........#
...o..o.4..........#
...................#
.............><...##
...#...............#
$.#................#
...................#
.#................#
.###.......#.##


You could see an orange demon (wandering), 4 orc warriors, 3 orc priests, 5 orc
wizards and 4 orcs.

Vanquished Creatures
  A hydra (D:11)
  A two-headed ogre (D:11)
  A gargoyle (D:10)
  A troll (D:12)
  A hornet (D:12)
  A hippogriff (D:10)
  2 wraiths (D:10)
  2 wyverns
  A human (D:12)
  A steam dragon (D:12)
  Menkaure (D:4)
  A soldier ant (D:11)
  2 orc warriors
  4 phantoms
  2 ice beasts
  A sky beast (D:7)
  A necrophage (D:10)
  A hornet zombie (D:5)
  8 ogres
  3 centaurs
  2 crocodiles
  Blork the orc (D:4)
  8 bullfrogs
  4 big kobolds
  A wyvern zombie (D:11)
  A wyvern skeleton (D:9)
  2 scorpions
  8 killer bees
  3 wights (D:10)
  4 howler monkeys
  3 crimson imps
  A bullfrog zombie (D:7)
  2 centaur zombies
  4 quasits
  3 hounds
  7 orc priests
  5 orc wizards
  A gnoll shaman (D:8)
  4 centaur skeletons
  An iguana (D:4)
  8 worker ants
  A howler monkey zombie (D:5)
  A worker ant zombie (D:7)
  10 adders
  11 gnolls
  2 shadow imps
  2 oozes
  An adder zombie (D:9)
  2 adder skeletons (D:9)
  4 worms
  3 leopard geckos
  27 orcs
  6 ball pythons
  8 bats
  11 giant cockroaches
  11 goblins
  10 hobgoblins
  15 jackals
  25 kobolds
  7 quokkas
  8 frilled lizards
  2 jackal skeletons
  2 leopard gecko skeletons
  10 rats
  A spectral orc (D:9)
289 creatures vanquished.

Vanquished Creatures (others)
  3 fungi (D:10)
  2 plants
5 creatures vanquished.

Grand Total: 294 creatures vanquished

Notes
Turn   | Place    | Note
-------+----------+-------------------------------------------
     0 | D:1      | GrunderHorse the Felid Fighter began the quest for the Orb.
     0 | D:1      | Reached XP level 1. HP: 10/10 MP: 2/2
   156 | D:1      | Reached XP level 2. HP: 14/14 MP: 3/3
   610 | D:2      | Reached XP level 3. HP: 11/17 MP: 4/4
   808 | D:2      | Found an ancient bone altar of Kikubaaqudgha.
   912 | D:2      | Found Zin's Purification Station.
   918 | D:2      | Found a glowing silver altar of Zin.
   965 | D:2      | Found a glowing golden altar of the Shining One.
  1207 | D:3      | Reached skill level 5 in Dodging
  1207 | D:3      | Reached XP level 4. HP: 21/22 MP: 5/5
  1871 | D:3      | HP: 1/22 [poisoned by an adder]
  2236 | D:3      | Reached XP level 5. HP: 25/25 MP: 6/6
  2623 | D:4      | Noticed Blork the orc
  2634 | D:4      | Killed Blork the orc
  2634 | D:4      | Reached skill level 5 in Unarmed Combat
  2666 | D:4      | Noticed a phantom
  2674 | D:4      | Reached skill level 6 in Dodging
  2678 | D:4      | Killed a phantom
  2678 | D:4      | Gained mutation: You are covered in thick fur. (AC +2) [Felid growth]
  2678 | D:4      | Reached XP level 6. HP: 8/30 MP: 7/7
  3023 | D:4      | Noticed Menkaure
  3030 | D:4      | Killed Menkaure
  3030 | D:4      | Reached skill level 5 in Fighting
  3067 | D:4      | Found a glowing drain.
  3105 | Sewer    | Entered a sewer
  3324 | Sewer    | HP: 1/30 [bullfrog (1)]
  3326 | Sewer    | Mangled by a bullfrog
  3327 | Sewer    | Reached XP level 5. HP: -6/26 MP: 6/6
  3336 | Sewer    | Reached skill level 7 in Dodging
  3336 | Sewer    | Reached XP level 6. HP: 23/30 MP: 7/7
  3943 | D:4      | Reached XP level 7. HP: 34/34 MP: 8/8
  4147 | D:5      | Entered Level 5 of the Dungeon
  4323 | D:5      | Reached skill level 8 in Dodging
  4485 | D:5      | Found a hazy altar of Hepliaklqana.
  5195 | D:5      | Reached XP level 8. HP: 36/39 MP: 9/9
  5762 | D:6      | Noticed a moth of wrath
  5765 | D:6      | Found a bloodstained altar of Trog.
  6008 | D:6      | Found a bloodstained altar of Trog.
  6469 | D:7      | Found a transporter.
  6471 | D:7      | Noticed zxkuqyb's ghost (novice DEFE)
  6504 | D:7      | Found a transporter.
  6510 | D:7      | Reached skill level 9 in Dodging
  6976 | D:7      | Found Gozag's Platinum Reserve.
  6978 | D:7      | Found an opulent altar of Gozag.
  6997 | D:7      | Found a white marble altar of Elyvilon.
  7078 | D:7      | Found a staircase to the Ecumenical Temple.
  7108 | D:7      | Found a stormy altar of Qazlal.
  7122 | D:7      | Found Xiarau's General Store.
  7281 | Temple   | Entered the Ecumenical Temple
  7582 | Temple   | Became a worshipper of Makhleb the Destroyer
  7715 | D:8      | Found a blossoming altar of Fedhas.
  7717 | D:8      | Noticed an oklob plant
  7717 | D:8      | Noticed an oklob plant
  7947 | D:8      | HP: 2/40 [poisoned by a killer bee]
  8901 | D:8      | Slain by a killer bee
  8902 | D:8      | Reached XP level 7. HP: -2/36 MP: 8/8
  9097 | D:8      | Reached XP level 8. HP: 35/40 MP: 9/9
  9262 | D:8      | Reached skill level 10 in Dodging
  9744 | D:8      | Reached * piety under Makhleb
 10244 | D:9      | Found a staircase to the Orcish Mines.
 10540 | D:9      | Reached XP level 9. HP: 26/45 MP: 10/10
 10844 | D:9      | Reached skill level 11 in Dodging
 11459 | D:9      | Found a roughly hewn altar of Beogh.
 11483 | D:9      | Reached ** piety under Makhleb
 11614 | Orc:1    | Entered Level 1 of the Orcish Mines
 11633 | D:9      | Reached skill level 1 in Stealth
 11958 | D:9      | Found a basalt altar of Yredelemnul.
 12000 | D:10     | Entered Level 10 of the Dungeon
 12010 | D:10     | Found a runed gate.
 12011 | D:10     | Noticed a kobold demonologist
 12012 | D:10     | Noticed a kobold demonologist
 12022 | D:10     | You fall through a shaft for 2 floors!
 12099 | D:12     | Noticed a troll
 12138 | D:12     | Killed a troll
 12177 | D:12     | Reached XP level 10. HP: 49/49 MP: 11/11
 12257 | D:12     | Reached skill level 12 in Dodging
 12612 | D:11     | Noticed a two-headed ogre
 12616 | D:11     | Killed a two-headed ogre
 12616 | D:11     | Reached skill level 5 in Stealth
 12616 | D:11     | Reached skill level 10 in Unarmed Combat
 12734 | D:11     | Noticed an oklob plant
 13010 | D:11     | Found a staircase to the Lair.
 13166 | D:11     | Noticed a five-headed hydra
 13228 | D:11     | Slain by a five-headed hydra
 13229 | D:11     | Reached XP level 9. HP: -2/45 MP: 10/10
 13874 | D:13     | Found a gate to the Vaults.
 13874 | D:13     | Noticed Urug
 13874 | D:13     | Noticed Rupert
 13874 | D:13     | Noticed Nessos
 13874 | D:13     | Noticed an ogre mage
 13874 | D:13     | Noticed a troll
 13874 | D:13     | Noticed a green ugly thing
 13883 | D:12     | Reached skill level 1 in Evocations
 14075 | D:11     | Killed a five-headed hydra
 14525 | D:10     | Reached *** piety under Makhleb
 14609 | D:10     | Reached XP level 10. HP: 46/49 MP: 13/13
 14708 | D:10     | Reached skill level 13 in Dodging
 14713 | D:10     | Noticed zeram's ghost (journeyman HOFi)
 14800 | D:10     | Noticed a gargoyle
 14808 | D:10     | Killed a gargoyle
 15353 | D:10     | Found a runed gate.
 15353 | D:10     | Found a runed gate.
 15797 | Orc:1    | Noticed an orange demon
 15798 | Orc:1    | Killed from afar by an orc wizard

Vault maps used:
D:1:      minmay_arrival_four_circles
D:2:      lemuel_round_altar, marbit_many_paths, zin_purify, first_ration
D:4:      cheibrodos_sewer_entry_drain, uniq_blork_the_orc, uniq_menkaure
D:5:      nicolae_overflow_crystal_walls, serial_curves, eino_curves_02,
          eino_curves_01, eino_curves_01
D:6:      old_standard_altar, tgw_trog
D:7:      nicolae_gozag_zags_fifth_avenue, lemuel_round_altar,
          kennysheep_mini_moat, minmay_temple_entry_fiery,
          gammafunk_ghost_stat_death, serial_shops, shop
D:8:      grunt_ogre_cave, st_stairs_9, hangedman_tree_tricks,
          grunt_ministairs_6
D:9:      yredelemnul_forgotten_temple_becter, minmay_orc_entry_temple_small
D:10:     gammafunk_ghost_nasty_kobolds
D:11:     dpeg_oklobed_lair, lab_entry_generic
D:12:     serial_glass, glass_columns_a, glass_columns_a, glass_columns_c,
          glass_columns_b
D:13:     kennysheep_demon_hangout, david_vaults_3
Temple:   oiseaux_autumnal_temple
Orc:1:    serial_shops, shop, minmay_orc_temple_a
Sewer:    sewer_frog_island_01

Skill      XL: |  1  2  3  4  5  6  7  8  9 10 |
---------------+-------------------------------+-----
Dodging        | 5 7 8 10 11 13 | 13.2
Fighting       | 4 5 6 8 9 |  9.0
Unarmed Combat | 5 6 8 9 10 | 10.7
Stealth        | 4 6 |  6.2
Evocations     | 2 3 |  3.8

Action                   |  1- 3 |  4- 6 |  7- 9 | 10-12 || total
-------------------------+-------+-------+-------+-------++-------
Melee: Unarmed           |    86 |   172 |   556 |    80 ||   894
       Punch             |     1 |     2 |    23 |     4 ||    30
       Bite              |     4 |     9 |    74 |     7 ||    94
Invok: Lesser Servant of |       |       |       |     1 ||     1
Evoke: Wand              |       |       |    69 |    23 ||    92
  Use: Potion            |       |     9 |     7 |     1 ||    17
       Scroll            |       |     7 |    12 |       ||    19
 Stab: Sleeping          |     6 |     7 |    12 |     6 ||    31
       Paralysed         |       |       |     9 |     5 ||    14
       Invisible         |       |       |     3 |       ||     3
  Eat: Chunk             |     8 |    11 |    21 |     8 ||    48
Armor: Skin              |     3 |    17 |    36 |     1 ||    57
Dodge: Dodged            |    69 |   162 |   780 |   101 ||  1112

Table legend:
 A = Non-vault XP
 B = Vault XP
 C = Vault XP percentage of total XP
 D = Non-vault monster count
 E = Vault monster count
 F = Vault count percentage of total count
                 A         B        C        D         E       F
            +---------+---------+-------+---------+---------+-------
      Total |   11250 |    1436 |  11.3 |     238 |      51 |  17.6
            +---------+---------+-------+---------+---------+-------
        D:1 |      27 |       0 |   0.0 |      16 |       0 |   0.0
        D:2 |      50 |      14 |  21.9 |      19 |       1 |   5.0
        D:3 |     125 |       0 |   0.0 |      30 |       0 |   0.0
        D:4 |     567 |     271 |  32.3 |      21 |       4 |  16.0
        D:5 |     586 |       0 |   0.0 |      20 |       0 |   0.0
        D:6 |     219 |      54 |  19.8 |      14 |       6 |  30.0
        D:7 |     514 |     135 |  20.8 |       9 |       3 |  25.0
        D:8 |     697 |     442 |  38.8 |      24 |       6 |  20.0
        D:9 |    1577 |     103 |   6.1 |      38 |      10 |  20.8
       D:10 |    2463 |       0 |   0.0 |      24 |       0 |   0.0
       D:11 |    2314 |       0 |   0.0 |       6 |       0 |   0.0
       D:12 |    1977 |     192 |   8.9 |      14 |       1 |   6.7
       D:13 |     131 |       0 |   0.0 |       2 |       0 |   0.0
      Orc:1 |       3 |       0 |   0.0 |       1 |       0 |   0.0
      Sewer |       0 |     225 | 100.0 |       0 |      20 | 100.0
            +---------+---------+-------+---------+---------+-------
